 Dungeon Crawl Stone Soup version 0.30-a0-377-g5cb311bc9f (webtiles) character file.

Game seed: 5754002978923765022

4 Decritt the Magician (level 1, -2/16 HPs)
             Began as a Djinni Air Elementalist on Nov 28, 2022.
             Was a Follower of Qazlal.
             Slain by a goblin
             ... wielding a +0 club
              (4 damage)
             ... on level 1 of the Dungeon.
             The game lasted 00:00:53 (129 turns).

Decritt the Magician (Djinni Air Elementalist)       Turns: 129, Time: 00:00:53

Health: -2/16      AC:  2    Str:  7    XL:     1   Next: 77%
Gold:   7          EV:  9    Int: 16    God:    Qazlal [*.....] SH:  1 Dex: 13

rFire   + + .      SeeInvis .    (no weapon)
rCold   x . .      Faith    .    (no shield)
rNeg    . . .      Spirit   .    a - +0 robe
rPois   ∞          Reflect  .    (no helmet)
rElec   .          Harm     .    (no cloak)
rCorr   .          Rampage  .    (no gloves)
Will    .....                    (boots unavailable)
Stlth   ++........               (no amulet)
HPRegen 0.22/turn                (no ring)
MPRegen 0.00/turn                (no ring)

@: flying, constricted
A: sickness immunity, fire resistance 2, cold vulnerability 1, float, innate
caster, HP casting, extra vitality 1
a: Renounce Religion


You were on level 1 of the Dungeon.
You worshipped Qazlal.
Qazlal was aware of your devotion.
You visited 1 branch of the dungeon, and saw 1 of its levels.

You collected 7 gold pieces.

Inventory:

Armour
 a - a +0 robe (worn)
Potions
 b - a potion of lignification {unknown}
 c - a potion of curing {unknown}


   Skills:
 + Level 0.7 Fighting
 - Level 2.1 Dodging
 - Level 1.5 Stealth
 + Level 2.5 Spellcasting


You couldn't memorise any spells.
You knew the following spells:

 Your Spells              Type           Power      Damage    Failure   Level
a - Shock                 Conj/Air       40%        1d5       7%          1
b - Airstrike             Air            5%         2d(1-17)  56%         4
d - Static Discharge      Conj/Air       20%        2-3/arc   11%         2
s - Swiftness             Air            10%        N/A       21%         3
Your spell library was empty.

Dungeon Overview and Level Annotations

Branches:
Dungeon (1/15)

Altars:
Qazlal


Innate Abilities, Weirdness & Mutations

You are immune to sickness and miasma.
You are immune to poison.
Your flesh is very heat resistant. (rF++)
You are vulnerable to cold. (rC-)
You float through the air rather than walking.
You learn spells naturally, not from books.
Your magical power is your life essence.
You have superior vitality. (+4 MHP)


Message History

Press: ? - help, Shift-Dir - straight line, f/p - dart slug
Aim: a dart slug (almost dead, 100% to hit)
The zap hits the dart slug.
You kill the dart slug!
* * * LOW HITPOINT WARNING * * *
You see here a frilled lizard corpse.
A goblin comes into view. It is wielding a +0 club.
Found a scroll labelled XIUGUB MAUSM.
The goblin shouts!
There is a faded altar of an unknown god here.
This altar belongs to (a) Qazlal, (b) Makhleb or (c) Ru, but you can't tell which.
Press the corresponding letter to learn more about a god, or press enter to convert or escape to cancel.
Qazlal accepts your prayer! Qazlal welcomes you!
Qazlal grants you and your divine allies immunity to clouds.
You are now surrounded by a storm.
Unknown command.
Press < or > to pray at altars.
Unknown command.
Press < or > to pray at altars.
A ball python comes into view.
The ball python hisses angrily.
The goblin barely misses you. The goblin barely misses you.
The goblin hits you with a +0 club. The goblin barely misses you.
The ball python bites you.
* * * LOW HITPOINT WARNING * * *
The ball python barely misses you. The goblin hits you with a +0 club.
* * * LOW HITPOINT WARNING * * *
The ball python barely misses you. The ball python grabs you.
The ball python constricts you.
* * * LOW HITPOINT WARNING * * *
The goblin hits you but does no damage. The ball python bites you.
* * * LOW HITPOINT WARNING * * *
The ball python constricts you.
The ball python bites you but does no damage.
The ball python constricts you.
* * * LOW HITPOINT WARNING * * *
The goblin hits you with a +0 club.
You die...

...# #.#....# ... #.#.#.# ##
#.#.#.# ######...†.# # .
..........########## ######## ...
##.....#............
.......##...##.#####.....##.##...
#.......#..?..#S....#..#.##.##.#.
...###..#.#..#≈.@○.§§..#.......#.
.#..........#.≈≈.g§§.≈#.###.####.
...###..#. #..≈.≈≈§§§..#.##.####.
#.####..#..#≈§≈≈≈≈§§§..#.........
#.......#...§.§§_.≈....#.########
.....####..#§≈§§≈§.≈...#.# ..##.#
. #.§§.≈§§.§..#.# ...#>#
...#§§§§..§§§#.## .#.#.#
....§#≈.....≈..##


You could see a goblin and a ball python.

Vanquished Creatures
  A dart slug (D:1)
  A quokka (D:1)
  A frilled lizard (D:1)
3 creatures vanquished.

Notes
Turn   | Place    | Note
-------+----------+-------------------------------------------
     0 | D:1      | Decritt the Djinni Air Elementalist began the quest for the
                  | Orb.
     0 | D:1      | Decritt set off with the following spells memorised: Shock,
                  | Static Discharge, Swiftness, Airstrike.
     0 | D:1      | Reached XP level 1. HP: 15/15 MP: 0/0
    56 | D:1      | Found a faded altar of an unknown god.
   118 | D:1      | Prayed at the altar of an unknown god.
   118 | D:1      | Became a worshipper of Qazlal Stormbringer
   118 | D:1      | Reached * piety under Qazlal
   129 | D:1      | Slain by a goblin

Illustrated notes

Levels and vault maps discovered:
D:1:      eino_arrival_water_cross, layout_loops_cross, serial_shops,
          nicolae_shop_window_shopping, shapermc_ecumenical_altar_starsandcircs,
          minmay_misc_feat_hallway

Action                   || total
-------------------------++-------
 Cast: Shock             ||     6
Armor: Robe              ||     2
Dodge: Dodged            ||     5

Table legend: (Time is in decaauts)
 A = Elapsed time spent in this place.
 B = Non-inter-level travel time spent in this place.
 C = Inter-level travel time spent in this place.
 D = Time resting spent in this place.
 E = Time spent auto-exploring this place.
 F = Levels seen in this place.
 G = Mean time per level.
                   A        B        C        D        E       F      G
               +--------+--------+--------+--------+--------+-----+--------+
         Total |    129 |    129 |      0 |      0 |     93 |   1 |  129.0 |
       Dungeon |    129 |    129 |      0 |      0 |     93 |   1 |  129.0 |
               +--------+--------+--------+--------+--------+-----+--------+

Top non-repeatable levels by time:
     D:1: 129 daAuts
